HBL
BUFFALO BISONS @ JACKSONVILLE SUNS
05/14/1997
 
TOP OF THE 1ST
Buffalo Bisons batting - Pitching for Jacksonville Suns : RHP Ryan Bowen
Pitching: RHP Ryan Bowen
Batting: SHB Roger Cedeno 0-0: Called Strike
0-1: Ball
1-1: Called Strike
1-2: Foul Ball, location: 2F
1-2: Ball
2-2: Ball
3-2: Ground out 4-3 (Groundball, 4, EV 85.0 MPH)
Batting: SHB Enrique Wilson 0-0: Ball
1-0: Called Strike
1-1: SINGLE (Line Drive, 8RS, EV 105.0 MPH)
Batting: LHB Matt Stairs 0-0: Ball
1-0: Ball
2-0: Called Strike
2-1: Ball
3-1: Grounds into double play, 6-4-3 (Groundball, 6, EV 95.0 MPH)
Top of the 1st over - 0 runs, 1 hit, 0 errors, 0 left on base; Buffalo 0 - Jacksonville 0
BOTTOM OF THE 1ST
Jacksonville Suns batting - Pitching for Buffalo Bisons : RHP Shawn Boskie
Pitching: RHP Shawn Boskie
Batting: RHB Damon Buford 0-0: Called Strike
0-1: Called Strike
0-2: Ball
1-2: Foul Ball, location: 2F
1-2: Foul Ball, location: 2F
1-2: Fly out, F8 (Flyball, 8LM, EV 90.6 MPH)
Batting: RHB Chris Gomez 0-0: Ball
1-0: Foul Ball, location: 2F
1-1: Ball
2-1: Ball
3-1: Foul Ball, location: 2F
3-2: Foul Ball, location: 2F
3-2: Ground out 5-3 (Groundball, 56, EV 105.6 MPH)
Batting: LHB Sean Casey 0-0: Ball
1-0: Foul Ball, location: 2F
1-1: Ball
2-1: Foul Ball, location: 2F
2-2: Foul Ball, location: 2F
2-2: Ground out 4-3 (Groundball, 4, EV 94.4 MPH)
Bottom of the 1st over - 0 runs, 0 hits, 0 errors, 0 left on base; Buffalo 0 - Jacksonville 0
TOP OF THE 2ND
Buffalo Bisons batting - Pitching for Jacksonville Suns : RHP Ryan Bowen
Batting: RHB Kevin Young 0-0: Ball
1-0: Fly out, F2 (Popup, 15S, EV 81.9 MPH)
Batting: RHB Eddie Zambrano 0-0: Foul Ball, location: 2F
0-1: Ball
1-1: Ball
2-1: Ball
3-1: Foul Ball, location: 2F
3-2: SINGLE (Line Drive, 7S, EV 91.3 MPH)
Batting: RHB Manny Martinez 0-0: Called Strike
0-1: Fly out, F8 (Flyball, 8RXD, EV 101.9 MPH)
Batting: RHB Tim Spehr 0-0: Foul Ball, location: 2F
0-1: Ball
1-1: Fly out, F9 (Flyball, 9LDF, EV 98.1 MPH)
Top of the 2nd over - 0 runs, 1 hit, 0 errors, 1 left on base; Buffalo 0 - Jacksonville 0
BOTTOM OF THE 2ND
Jacksonville Suns batting - Pitching for Buffalo Bisons : RHP Shawn Boskie
Batting: RHB Ozzie Timmons 0-0: Ball
1-0: Ball
2-0: Called Strike
2-1: Ball
3-1: Fly out, F8 (Line Drive, 8RD, EV 87.5 MPH)
Batting: RHB Doug Mirabelli 0-0: Called Strike
0-1: Foul Ball, location: 2F
0-2: Ball
1-2: Fly out, F8 (Line Drive, 8LD, EV 86.9 MPH)
Batting: RHB Angel Echevarria 0-0: Called Strike
0-1: Swinging Strike
0-2: Ball
1-2: Fly out, F8 (Line Drive, 8LM, EV 98.1 MPH)
Bottom of the 2nd over - 0 runs, 0 hits, 0 errors, 0 left on base; Buffalo 0 - Jacksonville 0
TOP OF THE 3RD
Buffalo Bisons batting - Pitching for Jacksonville Suns : RHP Ryan Bowen
Batting: SHB David Howard 0-0: Called Strike
0-1: Ground out U3 (Groundball, 3, EV 86.9 MPH)
Batting: RHB Robert Eenhoorn 0-0: Called Strike
0-1: Called Strike
0-2: Ball
1-2: Ball
2-2: Strikes out swinging
Batting: SHB Roger Cedeno 0-0: Called Strike
0-1: Called Strike
0-2: Strikes out swinging
Top of the 3rd over - 0 runs, 0 hits, 0 errors, 0 left on base; Buffalo 0 - Jacksonville 0
BOTTOM OF THE 3RD
Jacksonville Suns batting - Pitching for Buffalo Bisons : RHP Shawn Boskie
Batting: RHB Brian Lesher 0-0: SINGLE (Line Drive, 89S, EV 92.5 MPH)
Batting: RHB Jeff Reboulet 0-0: Foul Ball, location: 2F
0-1: Grounds into double play, 6-4-3 (Groundball, 6S, EV 89.4 MPH)
Batting: RHB Jorge Velandia 0-0: Swinging Strike
0-1: Fly out, F3 (Popup, 23F, EV 85.0 MPH)
Bottom of the 3rd over - 0 runs, 1 hit, 0 errors, 0 left on base; Buffalo 0 - Jacksonville 0
TOP OF THE 4TH
Buffalo Bisons batting - Pitching for Jacksonville Suns : RHP Ryan Bowen
Batting: SHB Enrique Wilson 0-0: Bunt missed!
0-1: Ball
1-1: Ball
2-1: Ball
3-1: Foul Ball, location: 2F
3-2: DOUBLE (Line Drive, 89D, EV 104.4 MPH)
Batting: LHB Matt Stairs 0-0: Ball
1-0: Ball
2-0: Ball
3-0: Base on Balls
Batting: RHB Kevin Young 0-0: DOUBLE (Line Drive, 9LM, EV 110.0 MPH)
Enrique Wilson scores
Matt Stairs to third
Batting: RHB Eddie Zambrano 0-0: Ball
1-0: Ball
2-0: Ball
3-0: Base on Balls
Batting: RHB Manny Martinez 0-0: Ball
1-0: Fielders Choice at 2nd, 6-4 (Groundball, 6, EV 76.9 MPH)
Matt Stairs scores
Kevin Young to third
Batting: RHB Tim Spehr 0-0: Ball
1-0: Ball
2-0: Ball
3-0: Base on Balls
Manny Martinez to second
Batting: SHB David Howard 0-0: Foul Ball, location: 2F
0-1: Ball
1-1: Ball
2-1: Ball
3-1: Swinging Strike
3-2: Ground out 3-1 (Groundball, 3S, EV 90.6 MPH)
Kevin Young scores
Manny Martinez to third
Tim Spehr to second
Batting: RHB Robert Eenhoorn 0-0: Called Strike
0-1: Ground out 5-3 (Groundball, 5, EV 80.0 MPH)
Top of the 4th over - 3 runs, 2 hits, 0 errors, 2 left on base; Buffalo 3 - Jacksonville 0
BOTTOM OF THE 4TH
Jacksonville Suns batting - Pitching for Buffalo Bisons : RHP Shawn Boskie
Batting: RHB Damon Buford 0-0: Ball
1-0: Called Strike
1-1: Ball
2-1: Called Strike
2-2: Ball
3-2: Fly out, F9 (Flyball, 9S, EV 92.5 MPH)
Batting: RHB Chris Gomez 0-0: Ball
1-0: SINGLE (Line Drive, 56D, EV 103.8 MPH)
Batting: LHB Sean Casey 0-0: Ball
1-0: Grounds into double play, 4-6-3 (Groundball, 34, EV 82.5 MPH)
Bottom of the 4th over - 0 runs, 1 hit, 0 errors, 0 left on base; Buffalo 3 - Jacksonville 0
TOP OF THE 5TH
Buffalo Bisons batting - Pitching for Jacksonville Suns : RHP Ryan Bowen
Batting: SHB Roger Cedeno 0-0: Ball
1-0: Foul Ball, location: 2F
1-1: Fly out, F6 (Line Drive, 6, EV 73.1 MPH)
Batting: SHB Enrique Wilson 0-0: Ball
1-0: Ground out 4-3 (Groundball, 4, EV 78.8 MPH)
Batting: LHB Matt Stairs 0-0: Swinging Strike
0-1: Ball
1-1: Fly out, F7 (Flyball, 78M, EV 88.1 MPH)
Top of the 5th over - 0 runs, 0 hits, 0 errors, 0 left on base; Buffalo 3 - Jacksonville 0
BOTTOM OF THE 5TH
Jacksonville Suns batting - Pitching for Buffalo Bisons : RHP Shawn Boskie
Batting: RHB Ozzie Timmons 0-0: Ball
1-0: Ball
2-0: Ball
3-0: Foul Ball, location: 2F
3-1: Fly out, F8 (Flyball, 8LXD, EV 101.9 MPH)
Batting: RHB Doug Mirabelli 0-0: Swinging Strike
0-1: Foul Ball, location: 2F
0-2: Foul Ball, location: 2F
0-2: Strikes out swinging
Batting: RHB Angel Echevarria 0-0: Foul Ball, location: 2F
0-1: Foul Ball, location: 2F
0-2: Ball
1-2: SINGLE (Groundball, 56D, EV 107.5 MPH)
Batting: RHB Brian Lesher 0-0: SINGLE (Line Drive, 9S, EV 92.5 MPH)
Angel Echevarria to second
Runner from 2nd tries for 3rd, SAFE, throw by RF made to third
Batting: RHB Jeff Reboulet 0-0: Foul Ball, location: 2F
0-1: Ball
1-1: Swinging Strike
1-2: Strikes out swinging
Bottom of the 5th over - 0 runs, 2 hits, 0 errors, 2 left on base; Buffalo 3 - Jacksonville 0
TOP OF THE 6TH
Buffalo Bisons batting - Pitching for Jacksonville Suns : RHP Ryan Bowen
Batting: RHB Kevin Young 0-0: Foul Ball, location: 2F
0-1: Ball
1-1: Swinging Strike
1-2: Strikes out swinging
Batting: RHB Eddie Zambrano 0-0: Swinging Strike
0-1: DOUBLE (Flyball, 78D, EV 98.1 MPH)
Batting: RHB Manny Martinez 0-0: Called Strike
0-1: Ball
1-1: Foul Ball, location: 2F
1-2: Strikes out looking
Batting: RHB Tim Spehr 0-0: Ball
1-0: Foul Ball, location: 2F
1-1: Ball
2-1: Ball
3-1: Base on Balls
Batting: SHB David Howard 0-0: Ball
1-0: Ball
2-0: Ball
3-0: Base on Balls
Eddie Zambrano to third
Tim Spehr to second
Batting: RHB Robert Eenhoorn 0-0: Ball
1-0: Ball
2-0: Ball
3-0: Base on Balls
Eddie Zambrano scores
Tim Spehr to third
David Howard to second
Batting: SHB Roger Cedeno 0-0: Ball
1-0: Foul Ball, location: 2F
1-1: Foul Ball, location: 2F
1-2: Ball
2-2: Ball
3-2: Base on Balls
Tim Spehr scores
David Howard to third
Robert Eenhoorn to second
Batting: SHB Enrique Wilson 0-0: Ball
1-0: Called Strike
1-1: Ball
2-1: Ball
3-1: Called Strike
3-2: Fly out, F5 (Popup, 56, EV 83.1 MPH)
Top of the 6th over - 2 runs, 1 hit, 0 errors, 3 left on base; Buffalo 5 - Jacksonville 0
BOTTOM OF THE 6TH
Jacksonville Suns batting - Pitching for Buffalo Bisons : RHP Shawn Boskie
Batting: RHB Jorge Velandia 0-0: Swinging Strike
0-1: Ball
1-1: Foul Ball, location: 2F
1-2: Ball
2-2: Strikes out swinging
Batting: RHB Damon Buford 0-0: Fly out, F7 (Flyball, 78S, EV 68.1 MPH)
Batting: RHB Chris Gomez 0-0: Ball
1-0: Swinging Strike
1-1: Ball
2-1: Fly out, F7 (Flyball, 7, EV 86.3 MPH)
Bottom of the 6th over - 0 runs, 0 hits, 0 errors, 0 left on base; Buffalo 5 - Jacksonville 0
TOP OF THE 7TH
Buffalo Bisons batting - Pitching for Jacksonville Suns : RHP Ryan Bowen
Pitching: RHP Al Levine
Batting: LHB Matt Stairs 0-0: Fly out, F8 (Flyball, 8LS, EV 83.8 MPH)
Batting: RHB Kevin Young 0-0: Ball
1-0: Foul Ball, location: 2F
1-1: Fly out, F8 (Flyball, 8RM, EV 88.8 MPH)
Batting: RHB Eddie Zambrano 0-0: Called Strike
0-1: SINGLE (Groundball, 56, EV 84.4 MPH) (infield hit)
Batting: RHB Manny Martinez 0-0: Called Strike
0-1: Ball
Wild Pitch!
Eddie Zambrano to second
1-1: Ground out 5-3 (Groundball, 56S, EV 86.3 MPH)
Top of the 7th over - 0 runs, 1 hit, 0 errors, 1 left on base; Buffalo 5 - Jacksonville 0
BOTTOM OF THE 7TH
Jacksonville Suns batting - Pitching for Buffalo Bisons : RHP Shawn Boskie
Batting: LHB Sean Casey 0-0: Swinging Strike
0-1: Foul Ball, location: 2F
0-2: Ball
1-2: Ball
2-2: Ball
3-2: Strikes out swinging
Batting: RHB Ozzie Timmons 0-0: Swinging Strike
0-1: Foul Ball, location: 2F
0-2: Strikes out swinging
Batting: RHB Doug Mirabelli 0-0: Fly out, F8 (Flyball, 8LD, EV 106.3 MPH)
Bottom of the 7th over - 0 runs, 0 hits, 0 errors, 0 left on base; Buffalo 5 - Jacksonville 0
TOP OF THE 8TH
Buffalo Bisons batting - Pitching for Jacksonville Suns : RHP Al Levine
Batting: RHB Tim Spehr 0-0: Ball
1-0: Ball
2-0: Ball
3-0: Called Strike
3-1: Foul Ball, location: 2F
3-2: Base on Balls
Batting: SHB David Howard 0-0: Ball
1-0: Fielders Choice at 2nd, 2-4 (Groundball, 15S, EV 69.4 MPH)
Now at 3B: Al L. Martin
Batting: RHB Robert Eenhoorn 0-0: Grounds into double play, 6-4-3 (Groundball, 56, EV 84.4 MPH)
Top of the 8th over - 0 runs, 0 hits, 0 errors, 0 left on base; Buffalo 5 - Jacksonville 0
BOTTOM OF THE 8TH
Jacksonville Suns batting - Pitching for Buffalo Bisons : RHP Shawn Boskie
Batting: RHB Angel Echevarria 0-0: Foul Ball, location: 2F
0-1: Foul Ball, location: 2F
0-2: Ball
1-2: Foul Ball, location: 2F
1-2: Ball
2-2: Ball
3-2: Fly out, F8 (Flyball, 8RM, EV 87.5 MPH)
Batting: RHB Brian Lesher 0-0: Ball
1-0: Ball
2-0: SOLO HOME RUN (Flyball, 78XD, EV 107.5 MPH), Distance : 398 ft
Batting: RHB Jeff Reboulet 0-0: Called Strike
0-1: Ground out U3 (Groundball, 3, EV 91.9 MPH)
Batting: RHB Jorge Velandia 0-0: Ball
1-0: Called Strike
1-1: Ball
2-1: Called Strike
2-2: Fly out, F4 (Line Drive, 4, EV 75.6 MPH)
Bottom of the 8th over - 1 run, 1 hit, 0 errors, 0 left on base; Buffalo 5 - Jacksonville 1
TOP OF THE 9TH
Buffalo Bisons batting - Pitching for Jacksonville Suns : RHP Al Levine
Batting: SHB Roger Cedeno 0-0: Ball
1-0: Fly out, F7 (Flyball, 7S, EV 95.0 MPH)
Batting: SHB Enrique Wilson 0-0: Swinging Strike
0-1: Ball
1-1: Foul Ball, location: 2F
1-2: Foul Ball, location: 2F
1-2: Ball
2-2: Foul Ball, location: 2F
2-2: Ball
3-2: Ground out 5-3 (Groundball, 56, EV 89.4 MPH)
Batting: LHB Matt Stairs 0-0: Ball
1-0: Ball
2-0: TRIPLE (Line Drive, 78XD, EV 100.0 MPH)
Batting: RHB Kevin Young 0-0: Ball
1-0: Swinging Strike
1-1: Ball
2-1: Swinging Strike
2-2: SINGLE (Groundball, 56D, EV 95.6 MPH)
Matt Stairs scores
Pitching: RHP Shayne Bennett
Batting: RHB Eddie Zambrano 0-0: Called Strike
0-1: Foul Ball, location: 2F
0-2: Foul Ball, location: 2F
0-2: Ball
1-2: Ground out 1-3 (Groundball, 34S, EV 83.8 MPH)
Top of the 9th over - 1 run, 2 hits, 0 errors, 1 left on base; Buffalo 6 - Jacksonville 1
BOTTOM OF THE 9TH
Jacksonville Suns batting - Pitching for Buffalo Bisons : RHP Shawn Boskie
Batting: RHB Damon Buford 0-0: Ball
1-0: SINGLE (Groundball, 25, EV 71.9 MPH) (infield hit)
Batting: LHB Al L. Martin 0-0: Foul Ball, location: 2F
0-1: Ball
1-1: Fly out, F8 (Flyball, 78M, EV 81.9 MPH)
Batting: LHB Sean Casey 0-0: Called Strike
0-1: Ball
1-1: Grounds into double play, 4-6-3 (Groundball, 4, EV 90.0 MPH)
Bottom of the 9th over - 0 runs, 1 hit, 0 errors, 0 left on base; Buffalo 6 - Jacksonville 1
Tuesday, February 10th, 2026 - OOTP Baseball 20.8 Build 74